Unix NetHack Version 3.7.0-59 Work-in-progress - last build Jun 21 2022 21:34:18 (82e59222e4b6558e33156aede0636042c14940b8,branch:master). Game began 2022-05-31 17:49:26, ended 2023-02-01 22:53:52. galadriel, chaotic female orcish Barbarian -------------------------- |........%........%........ ---...----)----.............. |....--..%%%..--......%.[%... -...--..%.%....--........%.... .....|....%......|.......)).... ----- ----- .........--------.) ---- |... -.......-- ---|--- --..--------- -----|----- -..%)%..-- --...|.......| ---.........--- ....%....---....|...A...| |....)........| ..........))DO%.-%)@@...| |..----%----..| ........---....|.......| |..|.......|..| ......-- --...|.......| |..|.......|..| ------ --..--------- |..|..._%..|..| |... |..|.......|..| ----- |..|.......|..| |..---------..| |.. ..| ---- ---- Galadriel the Reaver St:25 Dx:18 Co:18 In:20 Wi:21 Ch:16 Chaotic S:1490970 Astral Plane $:0 HP:204(256) Pw:61(61) AC:-32 Xp:19/2629529 T:82589 Latest messages: The priest of Set swings his mace at the invisible priest of Mitra. The priest of Set hits the invisible priest of Mitra. The invisible priest of Mitra is killed! The soldier ant just misses! The soldier ant misses! The high priest swings his mace at the priest of Set. The high priest hits the priest of Set. The priest of Set is killed! The high priest intones: "Pilgrim, you enter a sacred place!" The giant beetle misses the soldier ant. The ogre queen swings her club at the soldier ant. The ogre queen misses the soldier ant. The Angel of Set zaps you with a magic missile! The magic missile whizzes by you! The magic missile hits the soldier ant! The magic missile hits the giant beetle! There are several objects here. The ogre queen swings her club at the soldier ant. The ogre queen hits the soldier ant. The soldier ant is killed! The Angel of Set zaps you with a magic missile! The magic missile whizzes by you! The magic missile bounces! The magic missile whizzes by you! The giant beetle bites the ogre queen. The ogre queen swings her club at the giant beetle. The ogre queen hits the giant beetle. The giant beetle is killed! The gray dragon picks up some gold. Your displaced image doesn't fool the high priest of Set! The high priest of Set swings his mace. The high priest of Set hits! The high priest of Set kicks! The high priest of Set casts a spell at you! Your body is covered with painful wounds! The high priest of Set points at you, then curses. There is a high altar to Set (chaotic) here. What do you want to sacrifice? [r or ?*] ? You offer the Amulet of Yendor to Set... An invisible choir sings, and you are bathed in radiance... The voice of Set booms: "Mortal, thou hast done well!" "In return for thy service, I grant thee the gift of Immortality!" You ascend to the status of Demigoddess... Do you want your possessions identified? [ynq] (y) y Do you want to see your attributes? [ynq] (y) y Do you want an account of creatures vanquished? [ynaq] (y) n Do you want a list of species genocided and extinct? [ynq] (y) y Do you want to see your conduct and achievements? [ynq] (y) y Do you want to see the dungeon overview? [ynq] (y) n Major events: Turn 1: galadriel the chaotic female orcish Barbarian entered the dungeon 812: entered the Gnomish Mines 935: attained the rank of Pillager (level 3) 4607: attained the rank of Bandit (level 6) 4998: destroyed nurdglaw's ghost, the former Rogue 5041: reached Mine Town 9795: acquired the Mines' End luckstone 11546: entered Sokoban 12060: completed sokoban 1 12809: attained the rank of Brigand (level 10) 15515: completed sokoban 2 16129: completed sokoban 3 16879: completed sokoban 4 17079: acquired the Sokoban amulet of reflection 25993: made her first wish - "blessed fixed +2 gray dragon scale mail", got "a gray dragon scale mail" 26135: performed her first genocide (master mind flayers) 26137: genocided class L 31246: bestowed with Cleaver by Set 31552: killed Juiblex 31875: genocided giant eels 31876: genocided mind flayers 35003: killed Croesus 37349: attained the rank of Raider (level 14) 38524: bestowed with Trollsbane by Set 41967: killed Thoth Amon 41967: found the Heart of Ahriman carried by a monster 41969: acquired the Bell of Opening 46106: killed Medusa 47988: wished for "blessed bag of holding", got "a bag" 49750: wished for "blessed fixed +2 speed boots", got "a pair of mud boots" 49761: wished for "blessed greased fixed +2 helm of brilliance", got "a greased plumed helmet" 49780: wished for "blessed figurine of a Ki-rin", got "a figurine of a ki-rin" 49792: wished for "blessed magic marker", got "a magic marker" 53630: entered Gehennom 62055: killed Asmodeus 62831: killed Baalzebub 63109: found Giantslayer on the floor 63834: killed the invisible Orcus 79071: killed the Wizard of Yendor 79072: acquired the Book of the Dead 79905: killed the Wizard of Yendor (2nd time) 80056: destroyed the invisible Vlad the Impaler 80060: acquired the Candelabrum of Invocation 80091: wished for "blessed fixed +2 gray dragon scale mail", got "a gray dragon scale mail" 80166: wished for "blessed figurine of a Ki-rin", got "a figurine of a ki-rin" 80232: killed the Wizard of Yendor (3rd time) 80461: performed the invocation 80606: attained the rank of Reaver (level 18) 80891: killed the high priest of Moloch 80894: acquired The Amulet of Yendor 82061: entered the Elemental Planes 82061: entered Plane of Earth 82062: killed the Wizard of Yendor (5th time) 82205: entered Plane of Air 82288: entered Plane of Fire 82347: entered Plane of Water 82401: entered the Astral Plane 82410: killed Famine 82427: killed Famine (2nd time) 82442: killed Famine (3rd time) 82521: killed Famine (5th time) 82542: killed the invisible Death 82551: killed the invisible Death (2nd time) 82565: killed the invisible Death (3rd time) 82585: killed the invisible Death (5th time) 82589: ascended Inventory: Amulets g - a blessed amulet of reflection named L flayers giant eel (being worn) Weapons F - the blessed rustproof +5 Cleaver (weapon in hands) Armor E - a cursed greased rustproof +5 helm of brilliance (being worn) e - a blessed rustproof +4 pair of gauntlets of power (being worn) D - an uncursed fireproof +5 pair of speed boots (being worn) j - a blessed fireproof +4 cloak of displacement (being worn) K - an uncursed +2 gray dragon scale mail (being worn) Comestibles f - 2 uncursed slime molds W - an uncursed C-ration y - an uncursed K-ration R - an uncursed lizard corpse Spellbooks x - the uncursed Book of the Dead Potions C - 2 uncursed potions of extra healing I - a cursed potion of extra healing Rings B - an uncursed ring of conflict (on left hand) M - an uncursed ring of regeneration (on right hand) O - an uncursed ring of shock resistance Wands G - a wand of death (0:6) z - a wand of death (0:0) Y - a wand of death (1:0) q - a cursed wand of digging (0:1) b - a wand of teleportation (0:5) Tools i - a blessed greased bag of holding containing 90 items U - the Bell of Opening (0:2) l - the cursed Candelabrum of Invocation (0 of 7 candles attached) L - a blessed magic lamp (lit) o - a magic marker (1:39) s - an uncursed magic whistle k - an uncursed skeleton key T - an uncursed towel u - a blessed +0 unicorn horn Gems/Stones V - the blessed Heart of Ahriman Contents of the bag of holding: a blessed amulet of life saving an uncursed amulet of life saving an uncursed amulet of reflection an uncursed +0 pair of levitation boots an uncursed slime mold an uncursed apple 17 uncursed C-rations 9 uncursed food rations 4 uncursed fortune cookies 11 uncursed K-rations an uncursed tripe ration an uncursed lichen corpse 5 uncursed lizard corpses 5 uncursed scrolls of blank paper 2 cursed scrolls of blank paper 3 uncursed scrolls of earth a blessed scroll of enchant armor a blessed scroll of enchant weapon 4 uncursed scrolls of enchant weapon 3 blessed scrolls of fire 2 uncursed scrolls of fire 3 uncursed scrolls of identify 2 blessed scrolls of magic mapping an uncursed scroll of magic mapping 2 blessed scrolls of remove curse an uncursed scroll of scare monster an uncursed scroll of scare monster 8 blessed scrolls of teleportation 10 uncursed scrolls of teleportation 3 uncursed potions of full healing a blessed potion of healing 2 uncursed potions of levitation an uncursed potion of restore ability a blessed potion of speed an uncursed potion of speed 6 potions of holy water a potion of unholy water an uncursed ring of levitation an uncursed ring of polymorph control an uncursed ring of sustain ability an uncursed ring of teleport control an uncursed ring of teleportation a wand of cold (0:6) a wand of cold (0:5) a wand of death (1:8) a blessed wand of digging (0:5) a wand of digging (0:8) a blessed wand of fire (0:2) a wand of fire (0:6) a wand of fire (0:4) a wand of fire (0:2) a wand of lightning (1:9) a wand of lightning (0:2) a wand of magic missile (0:6) a wand of magic missile (0:6) a wand of magic missile (0:5) a wand of magic missile (0:5) a wand of magic missile (0:4) a wand of magic missile (0:3) a wand of magic missile (0:3) a wand of sleep (0:8) a wand of sleep (0:7) a wand of teleportation (0:7) a wand of teleportation (0:7) a wand of teleportation (0:7) a wand of undead turning (0:5) a can of grease (0:10) a cursed stethoscope 5 uncursed agate stones 3 uncursed amber stones 13 uncursed amethyst stones 2 uncursed aquamarine stones 13 uncursed black opals 6 uncursed chrysoberyl stones 4 uncursed citrine stones 7 uncursed diamonds 3 uncursed dilithium crystals 13 uncursed emeralds an uncursed fluorite stone 2 uncursed garnet stones 3 uncursed jacinth stones 6 uncursed jasper stones 4 uncursed jet stones 2 uncursed obsidian stones 5 uncursed opals 15 uncursed rubies an uncursed sapphire 7 uncursed topaz stones 6 uncursed turquoise stones a blessed touchstone Galadriel the Barbarian's attributes: Background: You were a Reaver, a level 19 female orcish Barbarian. You were chaotic, on a mission for Set who was opposed by Mitra (lawful) and Crom (neutral). You were in the endgame, on the Astral Plane. You entered the dungeon 82589 turns ago. It was nighttime. You had 2629529 experience points, 2490471 more were needed for level 20. Your score was 1490970 before end-of-game adjustments. Basics: You had 204 out of 256 hit points. You had all 61 energy points (spell power). Your armor class was -32. Your wallet was empty. Autopickup was off. Final Characteristics: Your strength was 25 (base:18/43, innate limit:18/50). Your dexterity was 18 (limit:18). Your constitution was 18 (limit:18). Your intelligence was 20 (base:15, innate limit:16). Your wisdom was 21 (base:16, innate limit:16). Your charisma was 16 (limit:16). Final Status: You were not hungry. You were unencumbered. You were wielding an axe. You had expert skill with axe. Final Attributes: You were piously aligned. You were magic-protected. You were cold resistant. You were sleep resistant. You were shock resistant. You were poison resistant. You saw invisible. You were telepathic. You had infravision. You were displaced. You were stealthy. You caused conflict. You regenerated. You had a moderate defense bonus (+9). You were warded. You were very fast. You had reflection. You were extremely lucky. You had extra luck. Good luck did not time out for you. You survived. Miscellaneous: You encountered 1 bones level. Total elapsed playing time was 1 day, 15 hours, 29 minutes and 7 seconds. Vanquished creatures: Asmodeus Baalzebub Orcus Juiblex the Wizard of Yendor (5 times) Death (5 times) Famine (5 times) Vlad the Impaler a high cleric 4 mastodons Medusa Croesus 7 krakens 3 iron golems 2 ki-rin a titan 7 glass golems 2 balrogs Thoth Amon 8 purple worms 2 gold dragons a silver dragon 6 red dragons 10 white dragons an orange dragon 4 black dragons 2 blue dragons 7 green dragons 6 yellow dragons 17 minotaurs 5 jabberwocks 13 baluchitheria 16 Angels 3 stone golems 14 Olog-hai 9 pit fiends 4 sandestins 6 hell hounds 6 displacer beasts 13 titanotheres 4 trappers a baby gray dragon a baby orange dragon 2 guardian nagas 3 genetic engineers 6 disenchanters 27 vampire leaders 5 skeletons a guard 27 aligned clerics 9 captains 5 shades 7 clay golems 11 nurses 7 ice devils 7 nalfeshnees 8 lurkers above 2 Aleaxes 2 frost giants 7 ettins 2 golden nagas 21 black puddings 48 vampires 9 lieutenants 52 ghosts a rogue 7 queen bees 8 winged gargoyles 14 giant mimics 11 long worms 13 zruties 3 fire giants 9 ogre tyrants 7 ice trolls 43 rock trolls 12 umber hulks 3 flesh golems 7 elven monarchs 6 doppelgangers 8 hezrous 10 bone devils 5 large mimics 7 wumpuses a fire vortex 3 couatls 12 stalkers 15 air elementals 3 fire elementals 21 earth elementals 6 water elementals 5 hill giants 5 giant mummies 6 black nagas 7 xorns 21 giant zombies 10 elf-nobles 23 sergeants 7 barbed devils 17 vrocks 6 salamanders 34 wargs 3 winter wolves 5 hell hound pups 21 small mimics 3 glass piercers 5 warhorses 12 steam vortices 16 xans 7 ettin mummies 15 ogre leaders 18 quantum mechanics 34 trolls 2 sasquatches 7 wood golems 3 erinyes 7 mariliths 2 djinn 4 sharks an electric eel 9 gelatinous cubes 13 pyrolisks 4 large dogs 7 freezing spheres 20 flaming spheres 11 shocking spheres 6 large cats 12 tigers 11 gargoyles 2 dwarf rulers 7 tengu 23 ochre jellies 16 leocrottas 11 energy vortices 8 mountain centaurs 6 stone giants 7 elf mummies 11 human mummies 3 red nagas 6 green slimes 7 pythons 16 pit vipers 3 cobras 76 wraiths 6 carnivorous apes 26 ettin zombies 10 leather golems 19 Grey-elves 122 soldiers 4 watchmen 7 amorous demons 5 horned devils 19 chameleons 6 crocodiles 18 giant beetles 14 quivering blobs 62 cockatrices 17 wolves 7 winter wolf cubs 6 lynxes 4 panthers 3 gremlins 4 spotted jellies 49 leprechauns 2 orc-captains 8 iron piercers 7 mumakil 14 giant spiders 6 scorpions 14 horses 3 ice vortices 14 black lights 19 vampire bats 7 forest centaurs 5 gnome rulers 4 orc mummies 8 dwarf mummies 82 ogres 17 brown puddings 17 rust monsters 19 owlbears 17 yetis 2 gold golems a werewolf 28 Green-elves 3 piranha 5 giant eels 30 lizards 7 chickatrices 5 dingoes 3 dogs 3 housecats 8 jaguars 6 dwarf leaders 3 blue jellies 4 white unicorns 4 gray unicorns 2 black unicorns 16 dust vortices 39 ravens 7 plains centaurs 7 gnome mummies 18 snakes a water moccasin 17 apes 25 human zombies 7 rope golems 16 Woodland-elves 27 soldier ants 5 fire ants 14 bugbears an imp 5 lemures 6 quasits 8 wood nymphs 15 water nymphs 8 mountain nymphs 14 Mordor orcs 6 Uruk-hai 7 orc shamans 6 rock piercers 3 rock moles 5 ponies 9 fog clouds 17 yellow lights 2 shriekers 8 violet fungi 26 gnome leaders 7 gnomish wizards 2 kobold mummies a red naga hatchling a black naga hatchling 9 gray oozes 7 barrow wights 21 elf zombies 18 ghouls 3 straw golems 4 paper golems 5 jellyfish 25 giant ants a little dog 14 floating eyes 2 kittens 30 dwarves 6 homunculi 5 kobold leaders 3 kobold shamans 14 hill orcs 29 rothes 5 rabid rats 3 centipedes 10 giant bats a monkey 22 orc zombies 29 dwarf zombies 2 wererats 2 werejackals 28 iguanas 77 killer bees 4 acid blobs a coyote 4 gas spores 16 hobbits 4 large kobolds 12 hobgoblins 6 giant rats 3 cave spiders 2 brown molds 4 yellow molds 6 green molds 5 red molds 62 gnomes 10 garter snakes 23 gnome zombies 10 geckos 13 jackals 3 foxes 5 kobolds 4 goblins 4 sewer rats 21 grid bugs 8 bats 13 lichens 19 kobold zombies 5 newts 3096 creatures vanquished. Genocided or extinct species: mind flayers master mind flayers liches demiliches master liches arch-liches ogres (extinct) soldiers (extinct) erinyes (extinct) giant eels 7 species genocided. 3 species extinct. Voluntary challenges: You read items or engraved 150 times. You never engraved Elbereth. You genocided 7 types of monsters. You used 8 wishes. You did not wish for any artifacts. You violated the special Sokoban rules thrice. Achievements: You entered a shop. You entered the Gnomish Mines. You attained the rank of Pillager. You attained the rank of Bandit. You entered Minetown. You entered a temple. You completed the Gnomish Mines. You entered Sokoban. You attained the rank of Brigand. You completed Sokoban. You attained the rank of Raider. You had the Bell of Opening. You defeated Medusa. You entered Gehennom. You had the Book of the Dead. You had the Candelabrum of Invocation. You gained access to Moloch's Sanctum. You attained the rank of Reaver. You reached the Elemental Planes. You reached the Astral Plane. You delivered the Amulet of Yendor. You ascended! The Elemental Planes: Astral Plane: <- You are here. Some temples. Plane of Water: Plane of Fire: Plane of Air: Plane of Earth: The Dungeons of Doom: levels 1 to 26 Level 1: A fountain. One way stairs up to The Elemental Planes. Level 2: A jewelers, a fountain. Stairs down to The Gnomish Mines. Level 3: A fountain. Level 4: A grave. Level 5: A potion shop, a fountain, a grave. Level 6: A fountain. Level 7: Many fountains. Oracle of Delphi. Level 8: A grave. Stairs up to Sokoban, level 7. Level 9: Many fountains. Level 10: Level 11: A fountain. Level 12: A fountain, a sink. Level 13: A general store, a fountain, a grave. Portal to The Quest. Level 14: A general store. Level 15: A primitive area. Level 16: Level 17: A sink. Level 18: A fountain, a sink, a grave. Level 19: Level 20: Some graves. Portal to Fort Ludios. Level 21: Level 22: "vault" A sink, many graves. Level 23: Level 24: Level 25: "medusa" A fountain, many trees. Level 26: A fountain. The castle. Gehennom: levels 27 to 49 Level 27: A temple, many graves. Valley of the Dead. Level 28: Level 29: Level 30: Level 31: Some fountains. Level 32: Level 33: Level 34: Level 35: Level 36: Level 37: Some shops, an altar. Level 38: Level 39: "saddle" Stairs up to Vlad's Tower, level 38. Level 40: Level 41: Level 42: Level 43: Level 44: Level 45: Level 46: "tower entry" Level 47: Level 48: Level 49: A temple, many graves. Moloch's Sanctum. The Gnomish Mines: levels 3 to 11 Level 3: Level 4: Level 5: "stash _" Many shops, a temple to Set, some fountains. Final resting place for nurdglaw-Rog-Hum-Mal-Cha, killed by a hallucinogen-distorted watch captain. Level 6: Level 7: Level 8: Level 9: Level 10: Level 11: A fountain. The Quest: levels 1 to 5 Level 1: A throne, many trees. Completed quest for Pelias. Level 2: Level 3: Level 4: Level 5: An altar. Sokoban: levels 7 up to 4 Level 4: Solved. Level 5: Solved. Level 6: Solved. Level 7: Solved. Fort Ludios: Level 1: "huge stash ^" Fort Ludios. Vlad's Tower: levels 38 up to 36 Level 36: Level 37: Level 38: Goodbye galadriel the Demigoddess... You went to your reward with 3270190 points, The Candelabrum of Invocation (worth 5000 zorkmids and 12500 points) The Book of the Dead (worth 10000 zorkmids and 25000 points) Cleaver (worth 1500 zorkmids and 3750 points) The Bell of Opening (worth 5000 zorkmids and 12500 points) The Heart of Ahriman (worth 2500 zorkmids and 6250 points) 15 rubies (worth 52500 zorkmids), 13 black opals (worth 32500 zorkmids), 13 emeralds (worth 32500 zorkmids), 13 amethyst stones (worth 7800 zorkmids), 7 diamonds (worth 28000 zorkmids), 7 topaz stones (worth 6300 zorkmids), 6 turquoise stones (worth 12000 zorkmids), 6 chrysoberyl stones (worth 4200 zorkmids), 6 jasper stones (worth 3000 zorkmids), 5 opals (worth 4000 zorkmids), 5 agate stones (worth 1000 zorkmids), 4 citrine stones (worth 6000 zorkmids), 4 jet stones (worth 3400 zorkmids), 3 dilithium crystals (worth 13500 zorkmids), 3 jacinth stones (worth 9750 zorkmids), 3 amber stones (worth 3000 zorkmids), 2 aquamarine stones (worth 3000 zorkmids), 2 garnet stones (worth 1400 zorkmids), 2 obsidian stones (worth 400 zorkmids), 1 sapphire (worth 3000 zorkmids), 1 fluorite stone (worth 400 zorkmids), 2 amulets of life saving (worth 300 zorkmids), 2 amulets of reflection (worth 300 zorkmids), and 0 pieces of gold, after 82589 moves. You were level 19 with a maximum of 256 hit points when you ascended.